 Dungeon Sprint DCSS version 0.27.1-34-g3ba077fa99 (webtiles) character file.

Game seed: 4676710499709438334

903 boopmooplesden the Fighter (level 7, -15/112 HPs)
             Began as a Minotaur Fighter on Jan 11, 2022.
             Demolished by a boulder beetle (20 damage)
             ... in the Dungeon (Sprint II: "The Violet Keep of Menkaure").
             The game lasted 00:00:39 (79 turns).

boopmooplesden the Fighter (Minotaur Fighter)         Turns: 79, Time: 00:00:40

Health: -15/112    AC:  9    Str: 21    XL:     7   Next: 80%
Magic:  6/6        EV:  9    Int:  5    God:
Gold:   729        SH: 12    Dex: 11    Spells: 6/6 levels left

rFire    . . .     SeeInvis .   a - +0 flail
rCold    . . .     Faith    .   c - +0 kite shield
rNeg     . . .     Spirit   .   b - +0 scale mail
rPois    .         Reflect  .   (helmet restricted)
rElec    .         Harm     .   (no cloak)
rCorr    .         Rampage  .   (no gloves)
Will     .....     NoTele   +   (no boots)
Stlth    ..........             (no amulet)
HPRegen  0.28/turn              (no ring)
MPRegen  0.10/turn              (no ring)

@: berserking (expiring), very quick
A: horns 2, retaliatory headbutt
a: no special abilities


You were in the Dungeon.
You visited 1 branch You collected 729 gold pieces.

Inventory:

Hand Weapons
 a - a +0 flail (weapon)
Armour
 b - a +0 scale mail (worn)
 c - a +0 kite shield (worn)
Scrolls
 j - a scroll of blinking
Potions
 e - a potion of curing
 f - a potion of heal wounds
 g - a potion of haste
 h - 2 potions of magic


   Skills:
 + Level 11.7 Fighting
 + Level 7.4 Maces & Flails
 + Level 11.3 Armour
 + Level 0.5 Dodging
 + Level 11.4 Shields


You had 6 spell levels left.
You didn't know any spells.
Your spell library was empty.

Dungeon Overview and Level Annotations

Branches:
Dungeon (1/1)

Altars:


Innate Abilities, Weirdness & Mutations

You have a pair of horns on your head.
You reflexively headbutt those who attack you in melee.


Message History

The boulder beetle stops rolling and uncurls.
The boulder beetle bites you.
You sock the boulder beetle!
Your headbutt misses the boulder beetle.
The boulder beetle is lightly wounded.
The boulder beetle bites you. The boulder beetle closely misses you.
You hit the boulder beetle but do no damage.
You headbutt the boulder beetle, but do no damage.
The boulder beetle is lightly wounded.
You block the boulder beetle's attack.
You hit the boulder beetle but do no damage.
You headbutt the boulder beetle, but do no damage.
The boulder beetle is lightly wounded.
The boulder beetle bites you!!
You hit the boulder beetle.
The boulder beetle is lightly wounded.
The boulder beetle barely misses you. The boulder beetle closely misses you.
You sock the boulder beetle!
The boulder beetle is moderately wounded.
The boulder beetle leaps!
The boulder beetle bites you!!
* * * LOW HITPOINT WARNING * * *
You hit the boulder beetle but do no damage.
The boulder beetle is moderately wounded.
You block the boulder beetle's attack.
You hit the boulder beetle but do no damage.
The boulder beetle is moderately wounded.
You hit the boulder beetle.
The boulder beetle is moderately wounded.
You block the boulder beetle's attack.
You thump the boulder beetle!
The boulder beetle is heavily wounded.
The boulder beetle bites you!
* * * LOW HITPOINT WARNING * * *
The boulder beetle bites you!!
* * * LOW HITPOINT WARNING * * *
You thump the boulder beetle!
You headbutt the boulder beetle, but do no damage.
The boulder beetle is heavily wounded.
You block the boulder beetle's attack. The boulder beetle bites you!!
You die...

##+## ##...##
#..#..#
####.#.####
##.###†###.##
#..B##.##...#
#@B<.')#.+
#..$##.##...#
##.# #†###.##
## #†# ###
#..#..# ##.
.## ## ##


You could see 2 boulder beetles.

Vanquished Creatures
  A merfolk siren (D)
  4 necrophages (D)
  4 scorpions (D)
9 creatures vanquished.

Notes
Turn   | Place    | Note
-------+----------+-------------------------------------------
     0 | D        | boopmooplesden the Minotaur Fighter began the quest for the
                  | Orb.
     0 | D        | Reached XP level 1. HP: 19/19 MP: 0/0
     1 | D        | Noticed a merfolk siren
    13 | D        | Killed a merfolk siren
    14 | D        | Reached skill level 5 in Maces & Flails
    14 | D        | Reached XP level 2. HP: 37/37 MP: 1/1
    14 | D        | Reached XP level 3. HP: 44/44 MP: 2/2
    14 | D        | Reached XP level 4. HP: 50/50 MP: 3/3
    14 | D        | Reached XP level 5. HP: 57/57 MP: 4/4
    14 | D        | Reached XP level 6. HP: 64/64 MP: 5/5
    29 | D        | Reached skill level 10 in Fighting
    29 | D        | Reached skill level 10 in Armour
    29 | D        | Reached skill level 10 in Shields
    33 | D        | Reached XP level 7. HP: 73/73 MP: 6/6
    66 | D        | Noticed a boulder beetle
    66 | D        | Noticed a boulder beetle
    78 | D        | HP: 5/112 [boulder beetle (20)]
    79 | D        | Demolished by a boulder beetle

Illustrated notes

Levels and vault maps discovered:
D:        the_violet_keep_of_menkaure [sprint2_stairs_cluster_1,
          sprint2_shoproom, sprint2_temple, sprint2_basic_supplies,
          sprint2_obstacle_4, sprint2_obstacle_7, sprint2_obstacle_3,
          sprint2_obstacle_2, sprint2_obstacle_6, sprint2_timed_cluster_1,
          sprint2_smallroom_cluster_1, sprint2_smallroom_final_cluster_1,
          sprint2_transparent_cluster_1, sprint2_second_timed_cluster_1,
          sprint2_sniper_area_1, sprint2_heavy_combat_area_1,
          sprint2_mutation_trap_area_1, sprint2_forest_area_1,
          sprint2_light_combat_area_1, sprint2_behind_water_1,
          sprint2_near_end_vault_1]

Skill      XL: |  1  2  3  4  5  6  7 |
---------------+----------------------+-----
Fighting       | 9 10 11 | 11.7
Maces & Flails | 5 6 7 |  7.4
Armour         | 9 10 11 | 11.3
Shields        | 9 10 11 | 11.4
Dodging        | |  0.5

Action                   |  1- 3 |  4- 6 |  7- 9 || total
-------------------------+-------+-------+-------++-------
Melee: Flail             |    10 |     8 |    23 ||    41
       Headbutt          |     1 |     3 |     4 ||     8
  Use: Potion            |     1 |       |     1 ||     2
Armor: Scale mail        |       |     1 |     1 ||     2
Dodge: Dodged            |     1 |     2 |     6 ||     9
Block: Kite shield       |     1 |     6 |     8 ||    15
